 Dungeon Crawl Stone Soup version 0.20.1-1-g8b1a95d (webtiles) character file.

132568 Haldmier the Markscentaur (level 16, -3/143 HPs)
             Began as a Centaur Arcane Marksman on Dec 3, 2017.
             Was the Champion of Okawaru.
             Slain by a tarantella (21 damage)
             ... on level 2 of the Spider Nest on Dec 4, 2017.
             The game lasted 04:06:29 (45948 turns).

Haldmier the Markscentaur (CeAM)                   Turns: 45948, Time: 04:06:30

Health: -3/143     AC: 21    Str: 16    XL:     16   Next: 57%
Magic:  22/26      EV: 10    Int: 26    God:    Okawaru [******]
Gold:   2560       SH:  0    Dex: 11    Spells: 1/29 levels left

rFire    . . .     SeeInvis .   b - +10 trident "Fafeo" {pierce, rPois rN+ MR- Int+9}
rCold    . . .     Gourm    .   (no shield)
rNeg     + . .     Faith    .   B - +0 troll leather armour
rPois    +         Spirit   .   v - +2 helmet
rElec    .         Reflect  +   F - +1 cloak {+Inv}
rCorr    .         Harm     .   o - +0 pair of gloves
MR       +....                  q - +3 centaur barding "Derezen" {rPois Int+2}
Stlth    +.........             R - +4 amulet of reflection
Regen    0.8/turn               J - ring of Shadows {Umbra +Inv Stlth+}
MPRegen  0.2/turn               y - ring of protection from magic

@: confused, lethally poisoned (-3 -> -4), berserk cooldown, slowed, wreathed by
umbra
A: hooves 3, deformed body, speed 2, tough skin 3
a: Heroism, Finesse, Renounce Religion, Evoke Invisibility


You were on level 2 of the Spider Nest.
You worshipped Okawaru.
Okawaru was exalted by your worship.
You were not hungry.

You visited 5 branches of the dungeon, and saw 26 of its levels.
You also visited: Bailey and Ice Cave.

You collected 3449 gold pieces.
You spent 889 gold pieces at shops.

Inventory:

Hand Weapons
 a - a +0 longbow of venom
 b - the +10 trident "Fafeo" (weapon) {pierce, rPois rN+ MR- Int+9}
   (You found it on level 2 of the Lair of Beasts)

   It inflicts extra damage upon your enemies.
   It affects your intelligence (+9).
   It protects you from poison.
   It protects you from negative energy.
   It affects your resistance to hostile enchantments.
 c - the +11 mace "Cyod" {freeze, +Rage rF+ rC++}
   (You took it off a kobold in a bailey)

   It has been specially enchanted to freeze those struck by it, causing extra
   injury to most foes and up to half again as much damage against particularly
   susceptible opponents.
   It can also slow down cold-blooded creatures.
   It protects you from fire.
   It greatly protects you from cold.
   It lets you go berserk.
 U - a +1 shortbow of freezing
 V - a +6 spear of venom
Missiles
 d - 263 arrows
 g - 69 tomahawks of returning (quivered)
 E - 2 throwing nets
Armour
 n - a +1 centaur barding of fire resistance
 o - a +0 pair of gloves (worn)
 q - the +3 centaur barding "Derezen" (worn) {rPois Int+2}
   (Okawaru gifted it to you on level 3 of the Lair of Beasts)

   It affects your intelligence (+2).
   It protects you from poison.
 v - a +2 helmet (worn)
 B - a +0 troll leather armour (worn)
 F - a +1 cloak of invisibility (worn)
Jewellery
 h - a cursed -6 ring of protection {unknown}
 y - a ring of protection from magic (right hand)
 C - an uncursed ring of protection from cold
 J - the ring of Shadows (left hand) {Umbra +Inv Stlth+}
   (You found it on level 8 of the Dungeon)

   [ring of stealth]

   It lets you turn invisible.
   It makes you more stealthy.
 R - a +4 amulet of reflection (around neck)
 T - an uncursed ring of positive energy
Wands
 k - a wand of digging (11/24)
 s - a wand of iceblast (8/15)
 L - a wand of lightning (4/15)
 P - a wand of acid (4/15)
Scrolls
 e - 2 scrolls of teleportation
 i - a scroll of vulnerability
 l - 2 scrolls of identify
 r - 9 scrolls of remove curse
 S - 8 scrolls of magic mapping
 X - a scroll of blinking
 Y - a scroll of fog
Potions
 m - a potion of ambrosia
 t - 3 potions of resistance
 u - a potion of agility
 x - 3 potions of cancellation
 z - 3 potions of might
 D - a potion of berserk rage
 G - 2 potions of heal wounds
 H - 2 potions of invisibility
 Z - 8 potions of curing
Comestibles
 f - 11 bread rations
 j - 10 fruits
 p - 2 chunks of flesh
 w - 32 royal jellies
 A - 9 meat rations


   Skills:
 - Level 13.0 Fighting
 - Level 20.0 Bows
 - Level 7.0 Armour
 - Level 6.0 Dodging
 + Level 7.2 Spellcasting
 - Level 3.0 Conjurations
 - Level 12.0 Hexes
 - Level 4.0 Translocations
 - Level 2.0 Fire Magic
 - Level 4.0 Earth Magic
 + Level 6.2 Invocations
 + Level 3.7 Evocations


You had one spell level left.
You knew the following spells:

 Your Spells              Type           Power        Failure   Level  Hunger
a - Corona                Hex            ######.      1%          1    None
b - Slow                  Hex            ######..     1%          2    None
c - Portal Projectile     Hex/Tloc       ######       1%          3    None
d - Inner Flame           Hex/Fire       #####...     1%          3    None
e - Cause Fear            Hex            ######....   1%          4    ###....
f - Leda's Liquefaction   Hex/Erth       ######....   2%          4    ###....
g - Blink                 Tloc           N/A          1%          2    None
h - Conjure Flame         Conj/Fire      ###.....     8%          3    None
i - Dazzling Spray        Conj/Hex       #####.       1%          3    None
j - Tukima's Dance        Hex            ######..     1%          3    None


Dungeon Overview and Level Annotations

Branches:
Dungeon (15/15)            Temple (1/1) D:6            Lair (6/6) D:10
 Shoals (0/4) Lair:2       Spider (2/4) Lair:4        Slime (0/5) Lair:5
    Orc (2/2) D:12            Elf (0/3) Orc:2        Vaults (0/5) D:13
 Depths (0/5) D:15

Altars:
Ashenzari
Cheibriados
Dithmenos
Elyvilon
Fedhas
Gozag
Hepliaklqana
Kikubaaqudgha
Makhleb
Nemelex Xobeh
Okawaru
Qazlal
Ru
Sif Muna
Trog
Uskayaw
Vehumet
Xom
Yredelemnul
Zin
The Shining One

Shops:
D:10 }   D:11 (   D:15 [   Orc:2 (:%=

Annotations:
D:8 soepske's ghost, novice FoFi
D:14 Frances


Innate Abilities, Weirdness & Mutations

You have hooves in place of feet.
Armour fits poorly on your strangely shaped body.
You cover ground very quickly.
You have extremely tough skin. (AC +3)


Message History

You hit the hornet.
The hornet is severely wounded.
You are no longer berserk.
You are exhausted.
You feel yourself slow down.
You feel sick. You block the tarantella's attack. The hornet barely misses you.
The hornet misses you. The tarantella bites you.
* * * LOW HITPOINT WARNING * * *
Okay, then.
Casting: Dazzling Spray
Confirm with . or Enter, or press ? or * to list all spells.
The hornet resists with some effort.
You feel sick. The tarantella bites you.
* * * LOW HITPOINT WARNING * * *
You are confused.
The hornet stings you!
* * * LOW HITPOINT WARNING * * *
The tarantella bites you!
* * * LOW HITPOINT WARNING * * *
You are more confused.
The hornet barely misses you. The tarantella bites you!!
You die...

.........#
.........>
##
........##.#
.......#..#
##.......#
#.......#
#..^...##
#.y<[..#
#@s^..##
###...#
#....#
.......#
........
........#
...###...#
.. ###


You could see a hornet (berserk) and a tarantella (berserk).

Vanquished Creatures
  An emperor scorpion (Spider:1)
  An orc warlord (Orc:1)
  The ghost of Ymberto the Basher, a journeyman MiHu of Okawaru (IceCv)
  An entropy weaver (Spider:1)
  A dire elephant (Lair:2)
  2 fire dragons
  5 ogre magi
  An ettin (D:12)
  Harold (Orc:1)
  4 vault guards (D:13)
  3 ice dragons
  Erolcha (D:11)
  3 centaur warriors
  10 hydras
  21 two-headed ogres
  2 death knights
  14 death yaks
  4 tengu warriors (D:13)
  An unseen horror (D:15)
  A fire crab (Lair:6)
  2 skeletal warriors
  Pikel (D:8)
  A wizard (D:15)
  A lindwurm (Lair:4)
  2 orc knights
  A wolf spider zombie (D:14)
  2 wolf spiders (Spider:1)
  3 orb spiders (Spider:1)
  2 orc sorcerers
  2 ugly things (D:13)
  4 manticores
  A moth of wrath (Spider:2)
  4 cyclopes
  2 centaur zombies
  An elephant (shapeshifter) (D:14)
  2 ice statues (IceCv)
  9 elephants
  2 molten gargoyles (Lair:6)
  8 black mambas
  The ghost of Terandir the Chopper, a novice MiFi (D:5)
  2 naga magi
  6 torpor snails
  4 spiny frogs
  Psyche (D:8)
  3 gargoyles
  An efreet (D:15)
  13 komodo dragons
  3 rime drakes
  2 freezing wraiths
  A redback zombie (D:15)
  A queen bee (D:12)
  The ghost of AdmiralAndromeda the Chopper, an amateur DDMo (D:4)
  2 tengu conjurers (D:13)
  4 polar bears (Lair:5)
  2 demonic crawlers (Spider:1)
  13 jumping spiders
  6 meliai
  5 trolls
  Prince Ribbit (D:8)
  3 hornets
  21 blink frogs
  15 slime creatures
  14 hippogriffs
  5 dream sheep (Lair:6)
  Sigmund (D:3)
  15 redbacks (Spider:1)
  2 shadows
  4 wraiths
  3 wyverns
  5 basilisks
  4 tarantellas (Spider:1)
  22 yaks
  3 vampire mosquitoes (D:13)
  4 hungry ghosts
  2 steam dragons (Lair:6)
  8 wargs
  A soldier ant (D:12)
  2 acid dragons (D:15)
  9 water moccasins
  3 hell hounds (Lair:6)
  Duvessa (D:6)
  32 orc warriors
  4 porcupines
  8 sky beasts
  19 ice beasts
  8 black bears
  2 phantoms
  2 eyes of draining
  7 necrophages
  6 wolves
  11 centaurs
  39 ogres
  10 crocodiles
  24 bullfrogs
  2 big kobolds
  3 gnoll sergeants
  A wyvern zombie (D:11)
  Dowan (D:6)
  A wyvern skeleton (D:15)
  3 scorpions
  44 killer bees
  3 wights (D:6)
  An electric eel (Lair:4)
  13 crimson imps
  3 howler monkeys
  5 lava snakes (Lair:6)
  A quasit (D:8)
  6 hounds
  14 orc priests
  12 jellies
  A bullfrog skeleton (D:11)
  5 centaur skeletons
  4 iguanas
  Jessica (D:3)
  Natasha (twice) (D:3 D:4)
  23 orc wizards
  11 worker ants
  A hound skeleton (D:4)
  2 hound zombies
  2 worker ant zombies
  Robin (D:2)
  A howler monkey skeleton (D:11)
  24 gnolls
  19 adders
  A river rat (Lair:3)
  7 shadow imps
  5 oozes (D:14)
  An adder skeleton (D:6)
  3 worms (D:2)
  5 leopard geckos
  86 orcs
  A ball python (D:3)
  10 bats
  6 giant cockroaches
  12 goblins
  12 hobgoblins
  9 jackals
  5 quokkas
  4 frilled lizards
  42 kobolds
  4 rats
  4 fungi
  3 plants
949 creatures vanquished.

Vanquished Creatures (others)
  An unseen horror (D:14)
  3 slaves (D:8)
  5 gnolls
  3 fungi
12 creatures vanquished.

Grand Total: 961 creatures vanquished

Notes
Turn   | Place    | Note
-------+----------+-------------------------------------------
     0 | D:1      | Haldmier the Centaur Arcane Marksman began the quest for the Orb.
     0 | D:1      | Reached XP level 1. HP: 16/16 MP: 2/2
   352 | D:1      | Reached skill level 3 in Bows
   500 | D:1      | Reached XP level 2. HP: 16/23 MP: 3/3
  1404 | D:2      | Learned a level 2 spell: Slow
  1508 | D:2      | Reached XP level 3. HP: 26/28 MP: 5/5
  1532 | D:2      | Found a sparkling altar of Nemelex Xobeh.
  2349 | D:3      | Noticed Robin
  2350 | D:3      | Reached XP level 4. HP: 36/36 MP: 4/6
  2352 | D:3      | Reached skill level 4 in Bows
  2372 | D:2      | Killed Robin
  2571 | D:2      | Learned a level 3 spell: Portal Projectile
  2631 | D:3      | Found a stormy altar of Qazlal.
  2670 | D:3      | Noticed Natasha
  2676 | D:3      | Killed Natasha
  2963 | D:3      | Noticed Jessica
  2971 | D:3      | Reached XP level 5. HP: 41/41 MP: 8/8
  2980 | D:3      | Killed Jessica
  3146 | D:3      | Noticed Sigmund
  3835 | D:3      | Killed Sigmund
  3835 | D:3      | Reached skill level 5 in Bows
  3835 | D:3      | Reached skill level 1 in Translocations
  3835 | D:3      | Reached XP level 6. HP: 21/50 MP: 7/9
  4418 | D:4      | Found a glowing silver altar of Zin.
  4419 | D:4      | Noticed an angel
  4422 | D:4      | Found a shimmering altar of Xom.
  4505 | D:4      | Noticed AdmiralAndromeda's ghost (amateur DDMo)
  4758 | D:4      | Reached skill level 6 in Bows
  4847 | D:4      | Reached XP level 7. HP: 30/57 MP: 9/11
  5476 | D:4      | Found a burning altar of Makhleb.
  5491 | D:4      | Found a hazy altar of Hepliaklqana.
  5712 | D:4      | Reached skill level 7 in Bows
  5762 | D:5      | Entered Level 5 of the Dungeon
  5941 | D:4      | Reached XP level 8. HP: 31/66 MP: 12/12
  6228 | D:4      | Noticed Natasha
  6240 | D:4      | Killed Natasha
  6240 | D:4      | Reached skill level 8 in Bows
  6371 | D:5      | Noticed Terandir's ghost (novice MiFi)
  6795 | D:4      | Killed AdmiralAndromeda's ghost
  7048 | D:5      | Reached skill level 5 in Hexes
  7053 | D:5      | Learned a level 3 spell: Inner Flame
  7058 | D:5      | Learned a level 4 spell: Cause Fear
  7179 | D:5      | Reached skill level 9 in Bows
  7851 | D:6      | Reached skill level 1 in Fire Magic
  8022 | D:6      | Reached XP level 9. HP: 73/73 MP: 10/13
  8031 | D:6      | Reached skill level 5 in Fighting
  9019 | D:3      | Reached skill level 10 in Bows
  9787 | D:5      | Killed Terandir's ghost
 10470 | D:6      | Found a staircase to the Ecumenical Temple.
 10484 | Temple   | Entered the Ecumenical Temple
 10581 | Temple   | Became a worshipper of Warmaster Okawaru
 10764 | D:6      | Noticed Duvessa
 10765 | D:6      | Noticed Dowan
 10903 | D:6      | Killed Duvessa
 10903 | D:6      | Reached skill level 11 in Bows
 10909 | D:6      | Killed Dowan
 12132 | D:6      | Reached * piety under Okawaru
 12444 | D:6      | Reached XP level 10. HP: 49/84 MP: 12/14
 12978 | D:7      | Reached skill level 12 in Bows
 13202 | D:7      | Found a basalt altar of Yredelemnul.
 13215 | D:7      | Found a radiant altar of Vehumet.
 13215 | D:7      | Found a glowing golden altar of the Shining One.
 13230 | D:7      | Found a deep blue altar of Sif Muna.
 13233 | D:7      | Found a shattered altar of Ashenzari.
 13435 | D:8      | Noticed soepske's ghost (novice FoFi)
 13590 | D:8      | Noticed Psyche
 13868 | D:8      | Killed Psyche
 14683 | D:8      | Noticed Pikel
 14720 | D:8      | Reached ** piety under Okawaru
 14739 | D:8      | Killed Pikel
 14739 | D:8      | Reached skill level 13 in Bows
 14981 | D:8      | Noticed Prince Ribbit
 15724 | D:8      | Killed Prince Ribbit
 16907 | D:10     | Entered Level 10 of the Dungeon
 16971 | D:10     | Reached *** piety under Okawaru
 17014 | D:10     | Reached skill level 14 in Bows
 17014 | D:10     | Reached XP level 11. HP: 94/94 MP: 8/15
 17069 | D:10     | You fall through a shaft for 3 floors!
 17088 | D:13     | Noticed a centaur warrior
 17111 | D:13     | Killed a centaur warrior
 17111 | D:13     | Received a gift from Okawaru
 17490 | D:13     | Noticed a tengu warrior
 17546 | D:13     | Killed a tengu warrior
 17546 | D:13     | Reached skill level 1 in Armour
 17959 | D:12     | Got a transparent dagger
 18239 | D:12     | Found a staircase to the Orcish Mines.
 18246 | D:12     | Found a flagged portal.
 18255 | Bailey   | Entered a bailey
 18404 | Bailey   | Got a shimmering mace {freeze}
 18527 | Bailey   | Noticed an orc knight
 18542 | Bailey   | Killed an orc knight
 18542 | Bailey   | Reached **** piety under Okawaru
 18901 | Bailey   | Identified the +11 mace "Cyod" {freeze, +Rage rF+ rC++} (You took it off a kobold in a bailey)
 18902 | Bailey   | Identified the +9 dagger "Bicok" {vamp, -Tele +Rage Dex+5} (You found it on level 12 of the Dungeon)
 20248 | D:12     | Noticed a two-headed ogre
 20271 | D:12     | Killed a two-headed ogre
 20468 | D:12     | Received a gift from Okawaru
 20485 | D:12     | HP: 4/97 [poisoned by a killer bee]
 21108 | D:12     | Reached ***** piety under Okawaru
 21258 | D:12     | Noticed a six-headed hydra
 21280 | D:12     | Killed a six-headed hydra
 21280 | D:12     | Received a gift from Okawaru
 21717 | D:12     | Reached XP level 12. HP: 89/106 MP: 11/16
 21817 | D:12     | Noticed a two-headed ogre
 21883 | D:12     | Received a gift from Okawaru
 21904 | D:12     | Killed a two-headed ogre
 21904 | D:12     | Reached skill level 10 in Fighting
 22340 | D:12     | Noticed a fire dragon
 22453 | D:12     | Killed a fire dragon
 23131 | D:11     | Got a slimy lajatang
 23146 | D:11     | Noticed a four-headed hydra
 23151 | D:11     | Killed a four-headed hydra
 23165 | D:11     | Learned a level 4 spell: Leda's Liquefaction
 23316 | D:9      | Identified the +3 lajatang "Temiu" {flame, rF- rN+++ MP-9 Stlth+} (You found it on level 11 of the Dungeon)
 23409 | D:10     | Reached ****** piety under Okawaru
 23453 | D:10     | Found a staircase to the Lair.
 23459 | D:10     | Received a gift from Okawaru
 23459 | D:10     | Reached skill level 10 in Hexes
 23922 | D:10     | Found Wisulev's Gadget Shoppe.
 24500 | D:11     | Noticed Erolcha
 24515 | D:11     | Killed Erolcha
 24515 | D:11     | Reached skill level 1 in Earth Magic
 24623 | D:11     | Found Pun Empekli's Antique Weapon Shoppe.
 24861 | D:11     | Noticed a two-headed ogre
 25157 | Lair:1   | Entered Level 1 of the Lair of Beasts
 25199 | Lair:1   | Noticed a five-headed hydra
 25285 | Lair:1   | Killed a five-headed hydra
 25285 | Lair:1   | Reached skill level 15 in Bows
 25506 | Lair:1   | Noticed a five-headed hydra
 25515 | Lair:1   | Killed a five-headed hydra
 26124 | Lair:2   | Got a bloodstained trident
 26127 | Lair:2   | Identified the +10 trident "Fafeo" {pierce, rPois rN+ MR- Int+9} (You found it on level 2 of the Lair of Beasts)
 26346 | Lair:2   | Got an ancient battleaxe
 26386 | Lair:2   | Reached XP level 13. HP: 97/114 MP: 17/17
 26498 | Lair:2   | Found a staircase to the Shoals.
 27008 | Lair:2   | Received a gift from Okawaru
 27647 | Lair:2   | Identified the +8 battleaxe "Mahuc" {chop, -Tele +Fly rN+ Dex+3} (You found it on level 2 of the Lair of Beasts)
 27693 | Lair:3   | Noticed a dire elephant
 27819 | Lair:2   | Killed a dire elephant
 28114 | Lair:3   | Received a gift from Okawaru
 28115 | Lair:3   | Got a slimy centaur barding {god gift}
 28125 | Lair:3   | Reached skill level 5 in Armour
 28216 | Lair:3   | Identified the +3 centaur barding "Derezen" {rPois Int+2} (Okawaru gifted it to you on level 3 of the Lair of Beasts)
 29279 | Lair:4   | Reached skill level 16 in Bows
 30026 | Lair:4   | Found a hole to the Spider Nest.
 30701 | Lair:5   | Found a staircase to the Slime Pits.
 30734 | Lair:5   | Found a frozen archway.
 30918 | Lair:5   | Received a gift from Okawaru
 30918 | Lair:5   | Reached XP level 14. HP: 112/124 MP: 18/18
 31058 | IceCv    | Entered an ice cave
 31120 | IceCv    | Noticed Ymberto's ghost (journeyman MiHu)
 31760 | IceCv    | Killed Ymberto's ghost
 32304 | IceCv    | HP: 3/125 [ice dragon/blast of cold (30)]
 32475 | IceCv    | Received a gift from Okawaru
 32819 | Lair:5   | Found a snail-covered altar of Cheibriados.
 32838 | Lair:5   | Reached skill level 17 in Bows
 33266 | Lair:5   | Got a jewelled halberd
 33267 | Lair:5   | Identified the +8 halberd "Doiwydygu" {speed, MR+ Int-2 Dex+3} (You found it on level 5 of the Lair of Beasts)
 33413 | Lair:6   | Entered Level 6 of the Lair of Beasts
 33848 | Lair:6   | Received a gift from Okawaru
 33852 | Lair:6   | Got a crude plate armour {god gift}
 34060 | Lair:6   | Reached skill level 18 in Bows
 34730 | Lair:6   | Reached skill level 19 in Bows
 34793 | Lair:6   | Found a large runed door.
 34794 | Lair:6   | Found a large runed door.
 36044 | Lair:6   | Received a gift from Okawaru
 36181 | Lair:6   | Reached XP level 15. HP: 109/132 MP: 19/19
 36374 | Lair:1   | Identified the +1 plate armour of Okawaru's Delight {rPois Int-3 Dex+2} (Okawaru gifted it to you on level 6 of the Lair of Beasts)
 36499 | Orc:1    | Entered Level 1 of the Orcish Mines
 36612 | D:12     | Reached skill level 20 in Bows
 36662 | Orc:1    | Noticed Harold
 36676 | Orc:1    | Killed Harold
 37259 | Orc:2    | Entered Level 2 of the Orcish Mines
 37262 | Orc:2    | Noticed an orc warlord
 37554 | Orc:1    | Killed an orc warlord
 38370 | Orc:2    | Found Zyuwoch's Antique Weapon Shop.
 38370 | Orc:2    | Found Zuogh's Food Shoppe.
 38375 | Orc:2    | Found Dozukh's Book Shoppe.
 38375 | Orc:2    | Found Laesch's Jewellery Boutique.
 38402 | Orc:2    | Reached skill level 5 in Dodging
 38470 | Orc:2    | Received a gift from Okawaru
 38976 | Orc:2    | Bought a book of Minor Magic for 300 gold pieces
 38976 | Orc:2    | Bought a book of Maledictions for 375 gold pieces
 38979 | Orc:2    | Learned a level 2 spell: Blink
 39014 | Orc:2    | Found a staircase to the Elven Halls.
 39319 | Orc:2    | Received a gift from Okawaru
 39322 | Orc:2    | Got a polished centaur barding {god gift}
 39506 | Orc:2    | Identified the -6 centaur barding of Dihab {rElec rN+ Stlth-} (Okawaru gifted it to you on level 2 of the Orcish Mines)
 40055 | D:13     | Found a gate to the Vaults.
 40725 | D:13     | Reached skill level 5 in Spellcasting
 41009 | D:13     | Learned a level 3 spell: Conjure Flame
 41311 | D:14     | Noticed Frances
 41510 | D:14     | Reached skill level 1 in Invocations
 41958 | D:14     | Reached skill level 1 in Conjurations
 42066 | D:14     | Reached XP level 16. HP: 143/143 MP: 24/24
 42145 | D:14     | Found an opulent altar of Gozag.
 42479 | D:14     | Received a gift from Okawaru
 42616 | D:15     | Entered Level 15 of the Dungeon
 43147 | D:15     | Found a staircase to the Depths.
 43579 | D:15     | Found Teuvy's Armour Shoppe.
 43614 | D:15     | Bought a +1 cloak of invisibility for 214 gold pieces
 43832 | D:15     | Reached skill level 1 in Evocations
 43976 | D:15     | Received a gift from Okawaru
 44432 | Lair:1   | Learned a level 3 spell: Dazzling Spray
 44436 | Lair:1   | Learned a level 3 spell: Tukima's Dance
 44506 | Spider:1 | Entered Level 1 of the Spider Nest
 44617 | Spider:1 | Reached skill level 5 in Invocations
 45948 | Spider:2 | Slain by a tarantella

Skill      XL: |  1  2  3  4  5  6  7  8  9 10 11 12 13 14 15 16 |
---------------+-------------------------------------------------+-----
Bows           | 3 4 5 6 7 9 11 14 15 16 19 20 | 20.0
Hexes          | 3 4 5 6 7 9 10 11 12 | 12.0
Fighting       | 2 3 4 6 7 9 10 11 12 13 | 13.0
Spellcasting   | 2 3 5 7 |  7.2
Translocations | 1 2 4 |  4.0
Fire Magic     | 1 2 |  2.0
Armour         | 3 4 5 6 7 |  7.0
Dodging        | 3 4 6 |  6.0
Earth Magic    | 2 4 |  4.0
Invocations    | 2 6 |  6.2
Conjurations   | 1 3 |  3.0
Evocations     | 3 |  3.7

Action                   |  1- 3 |  4- 6 |  7- 9 | 10-12 | 13-15 | 16-18 || total
-------------------------+-------+-------+-------+-------+-------+-------++-------
Melee: Short sword       |    85 |       |       |       |       |       ||    85
       Kick              |    14 |    15 |    39 |    91 |   139 |    35 ||   333
       Unarmed           |     1 |       |       |       |       |       ||     1
       Spear             |    20 |       |       |   165 |       |       ||   185
       Quarterstaff      |    13 |    10 |       |       |       |       ||    23
       Mace              |       |    37 |       |   226 |    22 |       ||   285
       Hand axe          |       |    19 |   215 |   164 |       |       ||   398
       Scythe            |       |    35 |    83 |    56 |       |       ||   174
       Halberd           |       |       |   128 |    78 |       |       ||   206
       Trident           |       |       |       |     5 |   630 |   169 ||   804
       Longbow           |       |       |       |       |     1 |       ||     1
 Fire: Shortbow          |    38 |    30 |     7 |    65 |    50 |       ||   190
       Hunting sling     |       |     2 |    29 |       |       |       ||    31
       Hand crossbow     |       |       |    14 |       |       |       ||    14
       Longbow           |       |       |       |   308 |  1359 |   377 ||  2044
Throw: Stone             |       |       |     1 |       |       |       ||     1
       Tomahawk          |       |       |       |       |     1 |       ||     1
 Cast: Corona            |     8 |    23 |    49 |    66 |     5 |     6 ||   157
       Slow              |       |       |    56 |   104 |    22 |     7 ||   189
       Cause Fear        |       |       |       |     1 |     4 |     1 ||     6
       Portal Projectile |       |       |       |     1 |    17 |       ||    18
       Leda's Liquefacti |       |       |       |       |     1 |       ||     1
       Dazzling Spray    |       |       |       |       |       |     7 ||     7
 Abil: Evoke Invisibilit |       |       |       |     1 |       |       ||     1
Evoke: Wand              |       |       |       |     4 |     5 |       ||     9
  Use: Scroll            |     2 |     1 |    13 |    13 |     9 |     3 ||    41
       Potion            |       |       |     1 |     5 |       |       ||     6
 Stab: Distracted        |       |       |     1 |     1 |       |       ||     2
       Sleeping          |       |       |       |     4 |     2 |     2 ||     8
  Eat: Chunk             |    14 |     8 |    21 |    63 |    38 |    11 ||   155
       Fruit             |       |       |       |     1 |       |     2 ||     3
Armor: Robe              |    61 |     1 |       |    10 |       |       ||    72
       Animal skin       |       |    67 |   189 |   386 |       |       ||   642
       Skin              |       |       |       |    63 |       |       ||    63
       Troll leather arm |       |       |       |    23 |   557 |   202 ||   782
Dodge: Dodged            |    60 |    99 |   254 |   351 |   508 |   155 ||  1427
Block: Other             |       |       |       |       |   139 |    61 ||   200
       Reflection        |       |       |       |       |     3 |     1 ||     4
